 Dungeon Crawl Stone Soup version 0.25-a0-44-g29a1220a87 (webtiles) character file.

Game seed: 4154318476446547665, levelgen mode: deterministic

9 Alarkh the Skirmisher (level 2, 24/24 HPs)
             Began as a Demonspawn Fighter on Oct 23, 2019.
             Got out of the dungeon alive.
             The game lasted 00:00:15 (470 turns).

Alarkh the Skirmisher (Demonspawn Fighter)           Turns: 470, Time: 00:00:16

Health: 24/24      AC:  6    Str: 16    XL:     2   Next: 3%
Magic:  11/11      EV:  6    Int:  9    God:
Gold:   43         SH:  8    Dex: 12    Spells: 1/1 levels left

rFire    . . .     SeeInvis .   a - +0 long sword
rCold    + . .     Gourm    .   c - +0 shield
rNeg     . . .     Faith    .   b - +0 scale mail
rPois    .         Spirit   .   (no helmet)
rElec    .         Reflect  .   (no cloak)
rCorr    .         Harm     .   (no gloves)
MR       .....                  (no boots)
Stlth    ..........             (no amulet)
HPRegen  0.08/turn              h - ring of magical power
MPRegen  0.12/turn              i - ring of protection from cold

@: no status effects
A: hooves 1
a: no special abilities


You escaped.
You were not hungry.

You visited 1 branch of the dungeon, and saw 1 of its levels.

You collected 43 gold pieces.

Inventory:

Hand Weapons
 a - a +0 long sword (weapon)
Armour
 b - a +0 scale mail (worn)
 c - a +0 shield (worn)
Jewellery
 h - a ring of magical power (left hand)
 i - a ring of protection from cold (right hand)
 n - an uncursed ring of fire {unknown}
Scrolls
 e - a scroll of remove curse {unknown}
 g - a scroll of identify {unknown}
 j - a scroll of teleportation {unknown}
 k - 3 scrolls of amnesia {unknown}
Potions
 d - 2 potions of might
 m - a potion of heal wounds {unknown}
Comestibles
 f - a ration
 l - 3 chunks of flesh


   Skills:
 - Level 3.0 Fighting
 + Level 2.5 Long Blades
 - Level 2.6 Armour
 - Level 2.6 Shields


You had one spell level left.
You didn't know any spells.
Your spell library was empty.

Dungeon Overview and Level Annotations

Branches:
Dungeon (1/15)

Altars:


Innate Abilities, Weirdness & Mutations

You have large cloven feet.


Message History

A goblin is nearby!
A goblin is nearby!
The goblin hits you with a +0 club.
A goblin is nearby!
You hit the goblin.
The goblin is severely wounded.
The goblin hits you but does no damage.
A goblin is nearby!
You hit the goblin.
You kill the goblin!
You have reached level 2!
Your demonic ancestry asserts itself...
Your feet thicken and deform.
You feel your magic capacity increase.
h - a ring of magical power (left hand)
i - a ring of protection from cold (right hand) Magic restored.
There is a staircase leading out of the dungeon here.
Are you sure you want to leave the Dungeon?
This will make you lose the game!
You have escaped!

≈≈≈.###...........#
#.#
≈≈.≈...............#
#.#
≈≈≈≈...............#
#.#
≈≈...............###
#.#
≈≈≈≈.............#
#.#
≈≈≈.............##
#.#
≈≈≈.≈...........#
#..
≈≈≈≈.≈..........#
###
≈≈≈≈..≈@.......##
≈≈≈≈≈≈.≈.......#
≈≈≈≈≈≈≈.≈......##
≈≈≈≈≈≈≈≈≈≈≈.....#
≈≈≈≈≈≈≈..≈≈≈≈≈≈≈#
≈≈≈≈≈≈≈≈≈≈≈≈..≈≈#
≈≈≈≈≈≈≈≈≈≈≈≈≈≈≈≈#
≈≈≈≈≈≈≈≈≈≈≈≈≈≈≈≈#
#############


There were no monsters in sight!

Vanquished Creatures
  A bat (D:1)
  2 kobolds (D:1)
  3 goblins (D:1)
  2 rats (D:1)
8 creatures vanquished.

Notes
Turn   | Place    | Note
-------+----------+-------------------------------------------
     0 | D:1      | Alarkh the Demonspawn Fighter began the quest for the Orb.
     0 | D:1      | Reached XP level 1. HP: 18/18 MP: 1/1
   381 | D:1      | Gained mutation: You have large cloven feet. [demonic
                  | ancestry]
   381 | D:1      | Reached XP level 2. HP: 23/24 MP: 2/2
   470 | D:$      | Got out of the dungeon alive.

Levels and vault maps discovered:
D:1:      nicolae_arrival_washed_ashore, layout_loops_ring, hex_medium

Skill      XL: |  1 |
---------------+----+-----
Long Blades    | 2 |  2.5
Fighting       | |  3.0
Armour         | |  2.6
Shields        | |  2.6

Action                   || total
-------------------------++-------
Melee: Long sword        ||    27
Armor: Scale mail        ||    10
Dodge: Dodged            ||     5
Block: Shield            ||    16
       Rpst.: Long sword ||     2

Table legend:
 A = Non-vault XP
 B = Vault XP
 C = Vault XP percentage of total XP
 D = Non-vault monster count
 E = Vault monster count
 F = Vault count percentage of total count
                 A         B        C        D         E       F
            +---------+---------+-------+---------+---------+-------
      Total |      13 |       0 |   0.0 |       8 |       0 |   0.0
            +---------+---------+-------+---------+---------+-------
        D:1 |      13 |       0 |   0.0 |       8 |       0 |   0.0
            +---------+---------+-------+---------+---------+-------
